[Event "46th GRE-chT Premier 2018"]
[Site "Rio Achaia"]
[Date "2018.07.12"]
[Round "4"]
[White "Pavlidis, Antonios"]
[Black "Milonakis, Georgios"]
[Result "1-0"]
[ECO "C26"]
[WhiteElo "2564"]
[BlackElo "2200"]
[Annotator "ChessBase"]
[PlyCount "91"]
[EventDate "2018.07.10"]
[EventType "team-tourn"]
[EventCountry "GRE"]
[SourceTitle "playchess.com"]
[Source "ChessBase"]
[SourceQuality "1"]
[TimeControl "40/5400+30:1800+30"]

1. e4 e5 2. Nc3 Nf6 3. d4 exd4 4. Qxd4 Nc6 5. Qd3 d6 6. Be2 Be6 7. Nf3 h6 8. Bf4 g5 9. Bg3 Bg7 10. a3 Nd7 11. Qe3 a6 12. Rd1 O-O 13. h4 g4 14. Nh2 Nce5 15. Nd5 Bxd5 16. Rxd5 Nf6 17. Rd1 Qe7 18. O-O Rfe8 19. Rfe1 Qe6 20. b3 Rad8 21. c4 Ng6 22. h5 Ne5 23. Bh4 Kh7 24. Nf1 Nxh5 25. Bxd8 Rxd8 26. f4 gxf3 27. Bxf3 Ng4 28. Bxg4 Qxg4 29. Nh2 Qg6 30. Qf3 Be5 31. Ng4 Rg8 32. Nxe5 dxe5 33. Qf5 Nf4 34. Rd2 Ne6 35. Rd7 Rg7 36. Qxg6+ Kxg6 37. Re3 f6 38. Red3 Rxd7 39. Rxd7 f5 40. exf5+ Kxf5 41. b4 b6 42. Kf2 h5 43. Rh7 Kg6 44. Rh8 a5 45. bxa5 bxa5 46. Ra8 1-0

[Event "46th GRE-chT Premier 2018"]
[Site "Rio Achaia"]
[Date "2018.07.12"]
[Round "4"]
[White "Mihok, Oliver"]
[Black "Sadzikowski, Daniel"]
[Result "1/2-1/2"]
[ECO "A06"]
[WhiteElo "2550"]
[BlackElo "2567"]
[Annotator "ChessBase"]
[PlyCount "62"]
[EventDate "2018.07.10"]
[EventType "team-tourn"]
[EventCountry "GRE"]
[SourceTitle "playchess.com"]
[Source "ChessBase"]
[SourceQuality "1"]
[TimeControl "40/5400+30:1800+30"]

1. Nf3 d5 2. b3 Bf5 3. Bb2 e6 4. d3 h6 5. Nbd2 Nf6 6. c4 Bh7 7. g3 Be7 8. Bg2 O-O 9. O-O a5 10. a3 Nc6 11. cxd5 exd5 12. Re1 Re8 13. Qc2 Bd6 14. Bc3 Na7 15. e4 dxe4 16. dxe4 Nc6 17. Qb2 Bf8 18. Nh4 Ng4 19. Rf1 b5 20. Nf5 Nge5 21. Nf3 Qf6 22. Kh1 Rad8 23. Qc2 b4 24. axb4 Bxb4 25. Bb2 Bxf5 26. exf5 Qe7 27. Rad1 Rxd1 28. Rxd1 Nxf3 29. Bxf3 Ne5 30. Bd5 Ng4 31. h3 Qe2 1/2-1/2

[Event "46th GRE-chT Premier 2018"]
[Site "Rio Achaia"]
[Date "2018.07.12"]
[Round "4"]
[White "Baron, Tal"]
[Black "Grivas, Efstratios"]
[Result "1-0"]
[ECO "C81"]
[WhiteElo "2530"]
[BlackElo "2431"]
[Annotator "RC"]
[PlyCount "99"]
[EventDate "2018.07.10"]
[EventType "team-tourn"]
[EventCountry "GRE"]
[SourceTitle "playchess.com"]
[Source "ChessBase"]
[SourceQuality "1"]
[TimeControl "40/5400+30:1800+30"]

1. e4 e5 2. Nf3 Nc6 3. Bb5 a6 4. Ba4 Nf6 5. O-O Nxe4 6. d4 b5 7. Bb3 d5 8. dxe5 Be6 9. Qe2 Bc5 10. Nbd2 Nxd2 11. Bxd2 O-O 12. c3 Qd7 13. Be3 Bxe3 14. Qxe3 Ne7 15. Rfd1 c6 16. h3 Qa7 17. Qf4 f6 18. Bc2 Qd7 19. a4 fxe5 20. Qxe5 Bf5 21. Bxf5 Nxf5 22. axb5 axb5 23. Rxa8 Rxa8 24. Re1 Nd6 25. Qe6+ Qxe6 26. Rxe6 Rd8 27. b4 Kf8 28. Ne5 Ne4 29. Rxc6 Ra8 30. f3 Ra1+ 31. Kh2 Nd2 32. Rc5 Rc1 33. Nd7+ Ke8 34. Nb6 Nf1+ 35. Kg1 Ne3+ 36. Kf2 Rxc3 37. Rxc3 Nd1+ 38. Ke2 Nxc3+ 39. Kd3 Na2 40. Nxd5 Kd7 41. f4 Nc1+ 42. Kd4 Kd6 43. Nc3 Kc6 44. g4 Nb3+ 45. Kd3 h6 46. h4 Kb6 47. h5 Kc6 48. Ke3 Na1 49. Kd2 Nb3+ 50. Kd3 {[%emt 0:00:04] Kd5 Ke4+} 1-0

[Event "46th GRE-chT Premier 2018"]
[Site "Rio Achaia"]
[Date "2018.07.12"]
[Round "4"]
[White "Theodorou, Nikolas"]
[Black "Kofidis, Andreas"]
[Result "1-0"]
[ECO "E07"]
[WhiteElo "2513"]
[BlackElo "2321"]
[Annotator "ChessBase"]
[PlyCount "75"]
[EventDate "2018.07.10"]
[EventType "team-tourn"]
[EventCountry "GRE"]
[SourceTitle "playchess.com"]
[Source "ChessBase"]
[SourceQuality "1"]
[TimeControl "40/5400+30:1800+30"]

1. d4 Nf6 2. Nf3 e6 3. g3 d5 4. Bg2 Nbd7 5. O-O Be7 6. c4 O-O 7. cxd5 exd5 8. Nc3 c6 9. a3 a5 10. Qc2 Re8 11. Bg5 Ne4 12. Bxe7 Qxe7 13. e3 Nd6 14. Nd2 Nf6 15. b4 Bf5 16. Qb2 b5 17. a4 Bd3 18. Rfe1 Nc4 19. Nxc4 Bxc4 20. bxa5 b4 21. Nb1 Rxa5 22. Nd2 c5 23. e4 Bd3 24. Nb3 c4 25. Nxa5 c3 26. Qb3 dxe4 27. Nc6 Qd6 28. Nxb4 Rb8 29. Qxc3 Qxb4 30. Qxb4 Rxb4 31. a5 Rxd4 32. a6 Rd8 33. a7 Ra8 34. f3 Nd7 35. fxe4 Ne5 36. Rec1 g6 37. Rc7 Kg7 38. Ra5 1-0

[Event "46th GRE-chT Premier 2018"]
[Site "Rio Achaia"]
[Date "2018.07.12"]
[Round "4"]
[White "Leniart, Arkadiusz"]
[Black "Gouloutis, Nikolaos"]
[Result "1/2-1/2"]
[ECO "A17"]
[WhiteElo "2489"]
[BlackElo "2382"]
[Annotator "ChessBase"]
[PlyCount "95"]
[EventDate "2018.07.10"]
[EventType "team-tourn"]
[EventCountry "GRE"]
[SourceTitle "playchess.com"]
[Source "ChessBase"]
[SourceQuality "1"]
[TimeControl "40/5400+30:1800+30"]

1. Nf3 Nf6 2. c4 e6 3. Nc3 Bb4 4. g4 d6 5. g5 Nfd7 6. h4 a5 7. h5 Nc6 8. Rg1 Nde5 9. Nxe5 dxe5 10. Bg2 Bd7 11. Ne4 f5 12. gxf6 gxf6 13. a3 Be7 14. h6 f5 15. Nc3 Rg8 16. e3 e4 17. d4 exd3 18. Qxd3 Ne5 19. Qf1 Bh4 20. Bxb7 Rxg1 21. Qxg1 Ng4 22. Ke2 Rb8 23. Bf3 Qf6 24. Bxg4 fxg4 25. Qxg4 Qxf2+ 26. Kd3 Qf5+ 27. Qxf5 exf5 28. Kc2 Rb6 29. Nd5 Ba4+ 30. Kc3 Be1+ 31. Kd4 Rxh6 32. Nxc7+ Kd8 33. Nd5 Rh4+ 34. Nf4 Bb3 35. e4 Bg3 36. Ne6+ Kc8 37. Nc5 Bc2 38. Bg5 Rg4 39. Rc1 Bxe4 40. Nxe4 Bf2+ 41. Ke5 fxe4 42. Bf4 e3 43. Rc2 h5 44. Re2 a4 45. Bxe3 Bxe3 46. Rxe3 Rxc4 47. b3 axb3 48. Rxb3 1/2-1/2

[Event "46th GRE-chT Premier 2018"]
[Site "Rio Achaia"]
[Date "2018.07.12"]
[Round "4"]
[White "Paehtz, Elisabeth"]
[Black "Skaraki, Antigoni"]
[Result "1-0"]
[ECO "A45"]
[WhiteElo "2489"]
[BlackElo "2027"]
[Annotator "ChessBase"]
[PlyCount "81"]
[EventDate "2018.07.10"]
[EventType "team-tourn"]
[EventCountry "GRE"]
[SourceTitle "playchess.com"]
[Source "ChessBase"]
[SourceQuality "1"]
[TimeControl "40/5400+30:1800+30"]

1. d4 Nf6 2. Bf4 g6 3. Nc3 Bg7 4. e4 d6 5. Qd2 O-O 6. O-O-O c6 7. Bh6 b5 8. f3 Qa5 9. Kb1 Be6 10. Nd5 Qxd2 11. Nxf6+ Bxf6 12. Rxd2 Rc8 13. Be3 a5 14. Ne2 Bc4 15. b3 Bxe2 16. Bxe2 b4 17. f4 Na6 18. Bg4 Rc7 19. Bf3 Bg7 20. e5 d5 21. g4 e6 22. h4 c5 23. h5 c4 24. hxg6 hxg6 25. f5 cxb3 26. cxb3 Rc3 27. Re2 gxf5 28. gxf5 exf5 29. Bxd5 Rd8 30. Bc4 Nc7 31. Rg1 Kf8 32. Rf1 Nd5 33. Bd2 Rh3 34. Rxf5 Rh1+ 35. Kc2 Ra1 36. Kb2 Rd1 37. e6 Bxd4+ 38. Kc2 Ne3+ 39. Bxe3 Bxe3 40. e7+ Kxe7 41. Rxe3+ 1-0

[Event "46th GRE-chT Premier 2018"]
[Site "Rio Achaia"]
[Date "2018.07.12"]
[Round "4"]
[White "Cornette, Deimante"]
[Black "Stoumbou, Eleni"]
[Result "1-0"]
[ECO "B13"]
[WhiteElo "2470"]
[BlackElo "1811"]
[Annotator "ChessBase"]
[PlyCount "95"]
[EventDate "2018.07.10"]
[EventType "team-tourn"]
[EventCountry "GRE"]
[SourceTitle "playchess.com"]
[Source "ChessBase"]
[SourceQuality "1"]
[TimeControl "40/5400+30:1800+30"]

1. e4 c6 2. d4 d5 3. exd5 cxd5 4. Bd3 Nc6 5. c3 Qc7 6. Ne2 Bg4 7. O-O e6 8. Qe1 Bd6 9. f3 Bh5 10. Qh4 Bg6 11. Bxg6 fxg6 12. Nf4 Kf7 13. Re1 Re8 14. Na3 a6 15. Nc2 Nh6 16. g3 Nf5 17. Qg4 Rhf8 18. Kg2 Bxf4 19. Bxf4 e5 20. dxe5 Nxe5 21. Bxe5 Rxe5 22. Qf4 Rfe8 23. Rxe5 Qxe5 24. Qxe5 Rxe5 25. Kf2 g5 26. Rd1 Ne7 27. Nb4 Ke6 28. Nd3 Rf5 29. Nc5+ Kd6 30. Nxb7+ Kc6 31. Na5+ Kb6 32. Nb3 Re5 33. Nd4 Nc6 34. Nxc6 Kxc6 35. Re1 Rf5 36. Re6+ Kb5 37. Re7 Kc4 38. Ke3 h5 39. Rc7+ Kb5 40. Rxg7 Re5+ 41. Kf2 Kc4 42. f4 gxf4 43. gxf4 Re4 44. Kf3 Kd3 45. f5 Re3+ 46. Kf4 Re2 47. Rg3+ Kc4 48. f6 1-0

[Event "46th GRE-chT Premier 2018"]
[Site "Rio Achaia"]
[Date "2018.07.12"]
[Round "4"]
[White "Sandalakis, Angelos"]
[Black "Drakopoulos, Polihronis"]
[Result "1-0"]
[ECO "A05"]
[WhiteElo "2448"]
[BlackElo "2105"]
[Annotator "NA"]
[PlyCount "93"]
[EventDate "2018.07.10"]
[EventType "team-tourn"]
[EventCountry "GRE"]
[SourceTitle "playchess.com"]
[Source "ChessBase"]
[SourceQuality "1"]
[TimeControl "40/5400+30:1800+30"]

1. Nf3 Nf6 2. c4 e6 3. g3 a6 4. b3 b5 5. Nc3 b4 6. Na4 c5 7. Bg2 Bb7 8. O-O Be7 9. d4 cxd4 10. Qxd4 O-O 11. Bb2 Nc6 12. Qd3 d6 13. Rad1 Nd7 14. Qe3 Qc7 15. Rd2 Rfd8 16. Rfd1 h6 17. h4 a5 18. Bh3 Nf6 19. Rd3 Rab8 20. Bg2 Nd7 21. Nd4 Nxd4 22. Qxd4 e5 23. Qa7 Rdc8 24. Bxb7 Rxb7 25. Qe3 f5 26. R3d2 Rbb8 27. Qf3 Rf8 28. c5 Nxc5 29. Qd5+ Kh7 30. Nxc5 Qxc5 31. Qxc5 dxc5 32. Bxe5 Rbd8 33. Rd7 Kg8 34. Bxg7 Kxg7 35. Rxe7+ Kf6 36. Rxd8 Rxd8 37. Ra7 Rd2 38. Rxa5 Rc2 39. Kg2 Ke5 40. Kf3 h5 41. Ke3 Rc3+ 42. Kd2 f4 43. Ra8 fxg3 44. fxg3 Rxg3 45. Rh8 Kd4 46. Rxh5 c4 47. Rb5 1-0

[Event "46th GRE-chT Premier 2018"]
[Site "Rio Achaia"]
[Date "2018.07.12"]
[Round "4"]
[White "Zimina, Olga"]
[Black "Antova, Gabriela"]
[Result "1/2-1/2"]
[ECO "A14"]
[WhiteElo "2411"]
[BlackElo "2301"]
[Annotator "NA"]
[PlyCount "120"]
[EventDate "2018.07.10"]
[EventType "team-tourn"]
[EventCountry "GRE"]
[SourceTitle "playchess.com"]
[Source "ChessBase"]
[SourceQuality "1"]
[TimeControl "40/5400+30:1800+30"]

1. Nf3 d5 2. c4 e6 3. g3 Nf6 4. Bg2 Be7 5. O-O O-O 6. d4 dxc4 7. Qc2 b5 8. a4 b4 9. Qxc4 Ba6 10. Qc2 Nbd7 11. Ne5 Nxe5 12. dxe5 Nd5 13. Rd1 Qc8 14. Be4 h6 15. Bd3 Bxd3 16. Rxd3 c5 17. b3 Rd8 18. Bb2 Qc6 19. Nd2 h5 20. Nc4 Nb6 21. Rad1 Rxd3 22. Rxd3 Rd8 23. h4 Rxd3 24. exd3 Nd7 25. Qe2 g6 26. Nd2 Qd5 27. Qe4 Kf8 28. Kg2 Nb8 29. Kf3 Nc6 30. Nc4 Bd8 31. Ke3 Na5 32. Nxa5 Bxa5 33. Qc4 Qxc4 34. dxc4 Bd8 35. Ke4 Be7 36. Bc1 Kg7 37. Be3 a6 38. f3 Kh7 39. Bf2 Kg7 40. Kf4 Kh7 41. g4 Kg7 42. Kg3 Kh7 43. Be3 Kg7 44. Bg1 Kh7 45. Bf2 Kh6 46. Be3+ Kg7 47. Bd2 Kh7 48. Be1 Kg7 49. Kf4 Bd8 50. Ke4 hxg4 51. fxg4 Be7 52. Bf2 a5 53. Kf3 Kh7 54. Kg3 Kg7 55. Be3 Kh7 56. Bg1 Kg7 57. Bf2 Kh7 58. h5 g5 59. Kf3 Kg7 60. Ke4 Kh7 1/2-1/2

[Event "46th GRE-chT Premier 2018"]
[Site "Rio Achaia"]
[Date "2018.07.12"]
[Round "4"]
[White "Kanakaris, Georgios"]
[Black "Warakomski, Tomasz"]
[Result "0-1"]
[ECO "A09"]
[WhiteElo "2409"]
[BlackElo "2505"]
[Annotator "RC"]
[PlyCount "54"]
[EventDate "2018.07.10"]
[EventType "team-tourn"]
[EventCountry "GRE"]
[SourceTitle "playchess.com"]
[Source "ChessBase"]
[SourceQuality "1"]
[TimeControl "40/5400+30:1800+30"]

1. Nf3 d5 2. c4 d4 3. d3 Nc6 4. g3 e5 5. Bg2 f6 6. O-O Nge7 7. Nbd2 Nf5 8. Ne4 a5 9. e3 Be7 10. h3 h5 11. exd4 Ncxd4 12. Nxd4 Qxd4 13. Kh2 Be6 14. f4 O-O-O 15. fxe5 h4 16. Qf3 Nxg3 17. Be3 Nxf1+ 18. Rxf1 Qxb2 19. Nc3 c6 20. Nb5 Rxd3 21. Na7+ Kc7 22. Nb5+ Kd7 23. Rd1 Qc2 24. Rxd3+ Qxd3 25. Nd4 Qxc4 26. exf6 gxf6 27. Qd1 Bd6+ 0-1

[Event "46th GRE-chT Premier 2018"]
[Site "Rio Achaia"]
[Date "2018.07.12"]
[Round "4"]
[White "Szczepkowska, Karina"]
[Black "Galunova, Tsveta"]
[Result "1-0"]
[ECO "D43"]
[WhiteElo "2396"]
[BlackElo "2204"]
[Annotator "NA"]
[PlyCount "53"]
[EventDate "2018.07.10"]
[EventType "team-tourn"]
[EventCountry "GRE"]
[SourceTitle "playchess.com"]
[Source "ChessBase"]
[SourceQuality "1"]
[TimeControl "40/5400+30:1800+30"]

1. d4 d5 2. Nf3 Nf6 3. c4 c6 4. Nc3 e6 5. Qb3 dxc4 6. Qxc4 b5 7. Qd3 Bb7 8. e4 b4 9. Na4 Qa5 10. b3 Ba6 11. Qc2 Bxf1 12. Kxf1 Qb5+ 13. Kg1 Na6 14. Bb2 Be7 15. Rc1 Rc8 16. d5 exd5 17. Nd4 Qb7 18. exd5 c5 19. d6 Bd8 20. Re1+ Kf8 21. Nf5 Rc6 22. h4 g6 23. Qd2 h6 24. Ne7 Rxd6 25. Qxd6 Bxe7 26. Rxe7 Qxe7 27. Qxf6 1-0

[Event "46th GRE-chT Premier 2018"]
[Site "Rio Achaia"]
[Date "2018.07.12"]
[Round "4"]
[White "Skembris, Spyridon"]
[Black "Trimitzios, Petros"]
[Result "1-0"]
[ECO "A13"]
[WhiteElo "2393"]
[BlackElo "2300"]
[Annotator "NA"]
[PlyCount "151"]
[EventDate "2018.07.10"]
[EventType "team-tourn"]
[EventCountry "GRE"]
[SourceTitle "playchess.com"]
[Source "ChessBase"]
[SourceQuality "1"]
[TimeControl "40/5400+30:1800+30"]

1. c4 e6 2. g3 d5 3. Bg2 dxc4 4. Qa4+ c6 5. Qxc4 Nf6 6. b3 Be7 7. Bb2 O-O 8. Nf3 b5 9. Qc2 Bb7 10. O-O Nbd7 11. Nc3 a6 12. Ne4 Nxe4 13. Qxe4 Nf6 14. Qc2 c5 15. Ng5 Bxg2 16. Bxf6 g6 17. Nxe6 fxe6 18. Bxe7 Qxe7 19. Kxg2 Rac8 20. Qe4 Rfd8 21. d3 Rd4 22. Qe3 e5 23. Rac1 Qe6 24. f3 Qd6 25. Rc2 Rc7 26. Rfc1 Kg7 27. Rc3 h6 28. h4 Qd5 29. R1c2 b4 30. Rc4 a5 31. Qc1 Rxc4 32. Rxc4 Qd6 33. Qe3 Qd5 34. Kh2 Rc6 35. Kg1 Rc8 36. f4 exf4 37. Qe7+ Qf7 38. Qxf7+ Kxf7 39. Rxf4+ Ke6 40. Rc4 Kd7 41. Kf2 Ke6 42. Ke1 Kd5 43. d4 Ra8 44. dxc5 Kc6 45. e3 Re8 46. Ke2 g5 47. Kd3 Rf8 48. hxg5 hxg5 49. Re4 Rf2 50. a4 bxa3 51. Ra4 Kxc5 52. Rxa3 Kb5 53. Ra4 Rf5 54. g4 Rf1 55. Re4 Rb1 56. Kc3 Rc1+ 57. Kd2 Rg1 58. Re5+ Kb4 59. Rxg5 Kxb3 60. Rxa5 Rxg4 61. Kd3 Kb4 62. Rd5 Rg8 63. Kd4 Rg1 64. e4 Rd1+ 65. Ke5 Rh1 66. Rd7 Kc5 67. Rc7+ Kb6 68. Rc2 Rh8 69. Kf6 Rf8+ 70. Ke7 Rf4 71. e5 Re4 72. e6 Kb7 73. Kd7 Rd4+ 74. Ke8 Re4 75. e7 Re1 76. Rf2 1-0

[Event "46th GRE-chT Premier 2018"]
[Site "Rio Achaia"]
[Date "2018.07.12"]
[Round "4"]
[White "Tomici, Stefan"]
[Black "Papadopoulos, Georgios"]
[Result "0-1"]
[ECO "C55"]
[WhiteElo "2369"]
[BlackElo "2352"]
[Annotator "NA"]
[PlyCount "88"]
[EventDate "2018.07.10"]
[EventType "team-tourn"]
[EventCountry "GRE"]
[SourceTitle "playchess.com"]
[Source "ChessBase"]
[SourceQuality "1"]
[TimeControl "40/5400+30:1800+30"]

1. e4 e5 2. Nf3 Nc6 3. Bc4 Nf6 4. d3 Be7 5. O-O O-O 6. Bb3 d6 7. c3 Na5 8. Bc2 c5 9. h3 b5 10. Re1 Qc7 11. Nbd2 Be6 12. Nf1 Rad8 13. Qe2 Nc6 14. Ng5 Bc8 15. f4 b4 16. Nf3 bxc3 17. bxc3 Qa5 18. c4 Nh5 19. f5 Nf4 20. Qd2 Qxd2 21. Bxd2 g6 22. Ne3 Nd4 23. Nxd4 cxd4 24. Ng4 Bg5 25. Ba5 Rd7 26. g3 Nxh3+ 27. Kg2 gxf5 28. Nh2 fxe4 29. Kxh3 Rb7+ 30. Kg2 Rb2 31. Re2 Bb7 32. Kf1 f5 33. Bb3 Rxe2 34. Kxe2 exd3+ 35. Kxd3 e4+ 36. Ke2 d3+ 37. Ke1 f4 38. gxf4 Bxf4 39. Ng4 e3 40. c5+ Kg7 41. Nxe3 Bxe3 42. Bc3+ Kg6 43. Bc4 Be4 44. cxd6 Rf2 0-1

[Event "46th GRE-chT Premier 2018"]
[Site "Rio Achaia"]
[Date "2018.07.12"]
[Round "4"]
[White "Videnova, Iva"]
[Black "Fragkou, Eleni"]
[Result "0-1"]
[ECO "B97"]
[WhiteElo "2369"]
[BlackElo "1979"]
[Annotator "NA"]
[PlyCount "102"]
[EventDate "2018.07.10"]
[EventType "team-tourn"]
[EventCountry "GRE"]
[SourceTitle "playchess.com"]
[Source "ChessBase"]
[SourceQuality "1"]
[TimeControl "40/5400+30:1800+30"]

1. e4 c5 2. Nf3 d6 3. d4 cxd4 4. Nxd4 Nf6 5. Nc3 a6 6. Bg5 e6 7. f4 Qb6 8. Nb3 Nbd7 9. Qe2 Qc7 10. O-O-O b5 11. a3 Bb7 12. g4 Be7 13. Bg2 O-O-O 14. Nd4 Nb6 15. Bh4 Nc4 16. a4 bxa4 17. Nxa4 Kb8 18. b3 Nb6 19. Nxb6 Qxb6 20. Kb2 Rc8 21. Bf2 Qb4 22. c4 d5 23. Nc2 Qa5 24. exd5 Nxd5 25. cxd5 Qc3+ 26. Ka2 Qxc2+ 27. Qxc2 Rxc2+ 28. Kb1 Rxf2 29. d6 Bf6 30. Bxb7 Kxb7 31. g5 Bc3 32. Rd3 Ba5 33. Rd4 Rd8 34. Rhd1 Rxh2 35. f5 exf5 36. Rd5 Bb6 37. Rxf5 Rd7 38. Rdf1 Rd2 39. Rxf7 R2xd6 40. Rf8 Rd1+ 41. Rxd1 Rxd1+ 42. Kc2 Rd7 43. Rh8 Be3 44. Rxh7 Bxg5 45. Rh5 Bf6 46. b4 g5 47. Rh6 Be5 48. Re6 Bd4 49. Kd3 g4 50. Re4 g3 51. Ke2 g2 0-1

[Event "46th GRE-chT Premier 2018"]
[Site "Rio Achaia"]
[Date "2018.07.12"]
[Round "4"]
[White "Galopoulos, Nikolaos"]
[Black "Kazantzidis, Ilias"]
[Result "1-0"]
[ECO "A06"]
[WhiteElo "2351"]
[BlackElo "2182"]
[Annotator "NA"]
[PlyCount "59"]
[EventDate "2018.07.10"]
[EventType "team-tourn"]
[EventCountry "GRE"]
[SourceTitle "playchess.com"]
[Source "ChessBase"]
[SourceQuality "1"]
[TimeControl "40/5400+30:1800+30"]

1. Nf3 d5 2. c4 e6 3. d4 dxc4 4. e4 Nf6 5. e5 Nd5 6. Bxc4 Be7 7. O-O O-O 8. Nbd2 b6 9. Ne4 Ba6 10. b3 b5 11. Bd3 h6 12. Qe2 Nb4 13. Bb1 Nd7 14. a3 Nd5 15. Qc2 g6 16. Bxh6 b4 17. Bxf8 Qxf8 18. Rc1 bxa3 19. Nc5 Nxc5 20. dxc5 Nf4 21. Kh1 Nd3 22. Rxa3 Nxc1 23. Rxa6 Qh6 24. h3 Rb8 25. Nd4 Qf4 26. Nc6 Bh4 27. Ra4 Qg5 28. Nxb8 Bg3 29. fxg3 Qe3 30. Re4 1-0

[Event "46th GRE-chT Premier 2018"]
[Site "Rio Achaia"]
[Date "2018.07.12"]
[Round "4"]
[White "Kalogeris, Ioannis"]
[Black "Kouskoutis, Georgios-Alexandros"]
[Result "1-0"]
[ECO "E06"]
[WhiteElo "2339"]
[BlackElo "2307"]
[Annotator "NA"]
[PlyCount "121"]
[EventDate "2018.07.10"]
[EventType "team-tourn"]
[EventCountry "GRE"]
[SourceTitle "playchess.com"]
[Source "ChessBase"]
[SourceQuality "1"]
[TimeControl "40/5400+30:1800+30"]

1. d4 Nf6 2. Nf3 e6 3. c4 d5 4. g3 Be7 5. Bg2 O-O 6. O-O c6 7. Nbd2 b6 8. Qc2 Bb7 9. e4 Na6 10. e5 Nd7 11. a3 Nc7 12. Rd1 Rc8 13. b4 c5 14. dxc5 bxc5 15. b5 Ba8 16. a4 Qe8 17. Bb2 a6 18. Rab1 dxc4 19. Nxc4 axb5 20. Nd6 Qd8 21. Nxc8 Qxc8 22. axb5 Nxb5 23. Qd3 Bc6 24. Ng5 Bxg5 25. Bxc6 Qxc6 26. Qxd7 Qa6 27. Bc1 Bxc1 28. Qxb5 Qxb5 29. Rxb5 Ba3 30. Rd7 g6 31. Rdb7 Bb4 32. Rb8 Rxb8 33. Rxb8+ Kg7 34. Rc8 g5 35. g4 h6 36. Kg2 Ba3 37. Kf3 Bb4 38. Ke4 Be1 39. Ke3 Bb4 40. Kd3 Be1 41. Ke2 Bb4 42. f3 Kg6 43. h3 Kg7 44. Kd3 Kg6 45. Kc4 Kh7 46. Kb5 Bc3 47. Kxc5 Bxe5 48. Kc6 Kg6 49. Kd7 Bb2 50. Rg8+ Kf6 51. Ra8 Kg6 52. Ke7 Bf6+ 53. Kf8 Bd4 54. Rc8 Bb2 55. Rc7 Ba3+ 56. Kg8 f5 57. Rc6 Kf6 58. Kh7 fxg4 59. hxg4 Bf8 60. Rc8 Kf7 61. Rxf8+ 1-0

[Event "46th GRE-chT Premier 2018"]
[Site "Rio Achaia"]
[Date "2018.07.12"]
[Round "4"]
[White "Papakonstantinou, Dimitrios"]
[Black "Pavlidis, Anastasios"]
[Result "1/2-1/2"]
[ECO "B06"]
[WhiteElo "2336"]
[BlackElo "2362"]
[Annotator "NA"]
[PlyCount "37"]
[EventDate "2018.07.10"]
[EventType "team-tourn"]
[EventCountry "GRE"]
[SourceTitle "playchess.com"]
[Source "ChessBase"]
[SourceQuality "1"]
[TimeControl "40/5400+30:1800+30"]

1. e4 g6 2. d4 Bg7 3. Nc3 c6 4. Bc4 d6 5. Nf3 Nf6 6. Bb3 O-O 7. Bg5 d5 8. Qe2 dxe4 9. Nxe4 Nxe4 10. Qxe4 Bf5 11. Qh4 Nd7 12. O-O Nf6 13. Rfe1 a5 14. a4 Qd6 15. Bf4 Qb4 16. Bd2 Qd6 17. Bf4 Qb4 18. Bd2 Qd6 19. Bf4 1/2-1/2

[Event "46th GRE-chT Premier 2018"]
[Site "Rio Achaia"]
[Date "2018.07.12"]
[Round "4"]
[White "Georgiev, Krum"]
[Black "Rousis, Mihail"]
[Result "1/2-1/2"]
[ECO "A04"]
[WhiteElo "2330"]
[BlackElo "2048"]
[Annotator "NA"]
[PlyCount "86"]
[EventDate "2018.07.10"]
[EventType "team-tourn"]
[EventCountry "GRE"]
[SourceTitle "playchess.com"]
[Source "ChessBase"]
[SourceQuality "1"]
[TimeControl "40/5400+30:1800+30"]

1. Nf3 c5 2. g3 g6 3. Bg2 Bg7 4. O-O Nc6 5. c4 e5 6. Nc3 Nge7 7. Ne1 d6 8. Nc2 Be6 9. Ne3 O-O 10. d3 Qd7 11. Rb1 Bh3 12. Bd2 Bxg2 13. Kxg2 f5 14. Ned5 Nxd5 15. Nxd5 Ne7 16. Nxe7+ Qxe7 17. e4 Rf7 18. f3 Qf8 19. Qc1 h5 20. b4 Kh7 21. a3 b6 22. Bg5 Bh6 23. Rb2 Bxg5 24. Qxg5 Qh6 25. Qxh6+ Kxh6 26. a4 Raf8 27. a5 cxb4 28. Rxb4 fxe4 29. dxe4 bxa5 30. Ra4 g5 31. h3 g4 32. hxg4 hxg4 33. Rh1+ Kg5 34. f4+ exf4 35. Rxa5+ Kg6 36. Rh4 fxg3 37. Rxg4+ Kf6 38. Rf4+ Ke6 39. Rxf7 Rxf7 40. Kxg3 Rc7 41. Kf4 Rxc4 42. Rxa7 Rc1 43. Ra5 Rf1+ {[%emt 0:00:07] Ke5+ Kxe5} 1/2-1/2

[Event "46th GRE-chT Premier 2018"]
[Site "Rio Achaia"]
[Date "2018.07.12"]
[Round "4"]
[White "Markidis, Konstantinos"]
[Black "Shoker, Samy"]
[Result "1/2-1/2"]
[ECO "B06"]
[WhiteElo "2329"]
[BlackElo "2482"]
[Annotator "RC"]
[PlyCount "86"]
[EventDate "2018.07.10"]
[EventType "team-tourn"]
[EventCountry "GRE"]
[SourceTitle "playchess.com"]
[Source "ChessBase"]
[SourceQuality "1"]
[TimeControl "40/5400+30:1800+30"]

1. e4 g6 2. d4 Bg7 3. Nf3 d6 4. c3 Nf6 5. Bd3 O-O 6. O-O Nc6 7. Re1 e5 8. h3 h6 9. Na3 a6 10. Nc2 Nh5 11. Bd2 Qf6 12. b4 Re8 13. a4 Nf4 14. Bf1 g5 15. d5 Ne7 16. Nh2 Qg6 17. c4 f5 18. f3 h5 19. Ra3 h4 20. Qb1 Kh8 21. Ne3 Rf8 22. c5 fxe4 23. fxe4 Ng8 24. Nhg4 Nf6 25. Nxf6 Qxf6 26. Qd1 Bd7 27. Ng4 Qg6 28. Bc4 Rad8 29. Rf3 Bc8 30. c6 Rf7 31. cxb7 Bxb7 32. Ree3 Re7 33. Qf1 c6 34. Bxa6 cxd5 35. Bxb7 Rxb7 36. exd5 Nxd5 37. Re1 Nf4 38. Bxf4 gxf4 39. b5 Ra8 40. Qc4 Qf7 41. Qc6 Rxa4 42. Qxd6 Rd4 43. Qc6 Rc4 1/2-1/2

[Event "46th GRE-chT Premier 2018"]
[Site "Rio Achaia"]
[Date "2018.07.12"]
[Round "4"]
[White "Michna, Marta"]
[Black "Radeva, Viktoria"]
[Result "1/2-1/2"]
[ECO "D04"]
[WhiteElo "2322"]
[BlackElo "2274"]
[Annotator "NA"]
[PlyCount "62"]
[EventDate "2018.07.10"]
[EventType "team-tourn"]
[EventCountry "GRE"]
[SourceTitle "playchess.com"]
[Source "ChessBase"]
[SourceQuality "1"]
[TimeControl "40/5400+30:1800+30"]

1. d4 d5 2. Nf3 Nf6 3. e3 c5 4. Nbd2 e6 5. a3 Nc6 6. b3 Be7 7. Bb2 O-O 8. Bd3 b6 9. O-O Bb7 10. Qe2 Rc8 11. Rac1 cxd4 12. exd4 Re8 13. Rfe1 h6 14. h3 Qc7 15. Ne5 Nxe5 16. dxe5 Nd7 17. b4 a5 18. Qg4 Bf8 19. Nf3 Qd8 20. Rb1 axb4 21. axb4 Ra8 22. Ra1 Rxa1 23. Rxa1 Qc7 24. Qd4 Ra8 25. Rxa8 Bxa8 26. Bc1 Bb7 27. Be3 Bc8 28. h4 Be7 29. g3 Bf8 30. Kg2 Be7 31. Bd2 Bf8 1/2-1/2

[Event "46th GRE-chT Premier 2018"]
[Site "Rio Achaia"]
[Date "2018.07.12"]
[Round "4"]
[White "Tsanas, Athanasios"]
[Black "Argiroudis, Stamatis"]
[Result "1-0"]
[ECO "E06"]
[WhiteElo "2302"]
[BlackElo "2306"]
[Annotator "NA"]
[PlyCount "43"]
[EventDate "2018.07.10"]
[EventType "team-tourn"]
[EventCountry "GRE"]
[SourceTitle "playchess.com"]
[Source "ChessBase"]
[SourceQuality "1"]
[TimeControl "40/5400+30:1800+30"]

1. d4 Nf6 2. c4 e6 3. g3 d5 4. Nf3 Be7 5. Bg2 O-O 6. O-O dxc4 7. Qc2 b6 8. Qxc4 Bb7 9. Nc3 c5 10. Rd1 Nbd7 11. Bg5 Qc8 12. Rac1 h6 13. Bf4 Nd5 14. dxc5 Nxc5 15. b4 Na6 16. Nxd5 Bxd5 17. Qb5 Qb7 18. e4 Nxb4 19. exd5 a6 20. Qe2 Nxd5 21. Nd4 Qd7 22. Bxd5 1-0